 Dungeon Crawl Stone Soup version 0.18.1-50-g88ac8fd (console) character file.

27770 Kloppie the Fencer (level 13, -2/174 HPs)
             Began as a Hill Orc Berserker on Oct 23, 2016.
             Was the Champion of Trog.
             Slain by a golden dragon skeleton (4 damage)
             ... on level 1 of the Abyss.
             The game lasted 00:31:25 (13670 turns).

Kloppie the Fencer (Hill Orc Berserker)            Turns: 13670, Time: 00:31:25

Health: -2/174     AC: 26    Str: 31    XL:     13   Next: 34%
Magic:  19/19      EV:  9    Int:  7    God:    Trog [******]
Gold:   226        SH:  8    Dex: 12    Spells: 0 memorised, 12 levels left

rFire  . . .     SeeInvis .     a - +5 scimitar
rCold  + + +     Gourm    .     z - +0 plate armour
rNeg   + . .     Faith    .     f - +3 buckler of the Ward {+Blink rC+++ rN+ Str-3}
rPois  +         Spirit   .     A - +2 helmet "Vijuac" {*Drain rPois Str+4 Dex+4}
rElec  +         Dismiss  .     q - +2 cloak
rCorr  .         Reflect  .     F - +0 pair of gloves of the Centipede {rElec rPois Dex-2 Stlth-}
SustAt +         Harm     .     x - +1 pair of boots {Fly}
MR     ++...                    (no amulet)
Stlth  ..........               y - ring of sustain attributes
                                J - +4 ring of slaying

@: mighty, berserking, regenerating, very quick, very resistant to hostile
enchantments, extremely unstealthy
A: no striking features
a: Berserk, Trog's Hand, Brothers in Arms, Burn Spellbooks, Renounce Religion,
Evoke Blink, Evoke Flight


You were on level 1 of the Abyss.
You worshipped Trog.
Trog was exalted by your worship.
You were hungry.

You visited 2 branches of the dungeon, and saw 14 of its levels.
You visited the Abyss 1 time.

You collected 671 gold pieces.
You spent 445 gold pieces at shops.

Inventory:

Hand Weapons
 a - a +5 scimitar (weapon)
 s - a +2 triple sword of holy wrath
 u - a +3 long sword
 G - a +2 antimagic double sword
Armour
 f - the +3 buckler of the Ward (worn) {+Blink rC+++ rN+ Str-3}
   (You bought it in a shop on level 7 of the Dungeon)

   It affects your strength (-3).
   It renders you almost immune to cold.
   It protects you from negative energy.
   It lets you blink.
 q - a +2 cloak (worn)
 x - a +1 pair of boots of flying (worn)
 z - a +0 plate armour (worn)
 A - the +2 helmet "Vijuac" (worn) {*Drain rPois Str+4 Dex+4}
   (You took it off Robin on level 4 of the Dungeon)

   It affects your strength (+4).
   It affects your dexterity (+4).
   It protects you from poison.
   It causes draining when unequipped.
 F - the +0 pair of gloves of the Centipede (worn) {rElec rPois Dex-2 Stlth-}
   (You bought it in a shop on level 7 of the Dungeon)

   It affects your dexterity (-2).
   It insulates you from electricity.
   It protects you from poison.
   It makes you less stealthy.
Jewellery
 n - an uncursed ring of ice
 y - a ring of sustain attributes (right hand)
 J - a +4 ring of slaying (left hand)
Wands
 e - a wand of acid (9/15)
 i - a wand of confusion (30/48)
 H - a wand of lightning (7/15)
 I - a wand of disintegration (7/24)
Scrolls
 m - 2 scrolls of fog
 o - 4 scrolls of remove curse
 p - 4 scrolls of identify
 t - a scroll of magic mapping
 v - a scroll of recharging
 M - 3 scrolls of teleportation
Potions
 b - 7 potions of curing
 g - 2 potions of haste
 j - 2 potions of invisibility
 l - 2 potions of berserk rage {unknown}
 w - 3 potions of cure mutation
 C - a potion of resistance
 D - a potion of might
 E - 3 potions of agility
 L - a potion of heal wounds
Comestibles
 c - 12 bread rations
 d - a royal jelly
 h - 5 chunks of flesh
 k - 8 meat rations
 r - 4 beef jerkies
 B - 2 fruits


   Skills:
 + Level 11.1 Fighting
 + Level 15.4 Long Blades
 - Level 11.6 Armour
 - Level 1.5 Dodging
 - Level 5.9 Shields
 - Level 8.3 Evocations


You had 12 spell levels left.
You didn't know any spells.

Dungeon Overview and Level Annotations

Branches:
Dungeon (12/15)              Lair (2/8) D:8             Orc (0/2) D:11
 Temple: D:4-7

Altars:
Elyvilon
Fedhas
Qazlal
Ru
Yredelemnul

Shops:
D:7 [

Annotations:
D:5 Prince Ribbit
Lair:2 Sonja


Message History

You block the golden dragon skeleton's attack.
The golden dragon skeleton completely misses you.
You block the golden dragon skeleton's attack.
You slash the bone dragon!
The bone dragon is almost destroyed.
You slice the bone dragon!!
You destroy the bone dragon!
Your Fighting skill increases to level 11!
You slash the large abomination!
You destroy the large abomination!
You block the golden dragon skeleton's attack.
The golden dragon skeleton claws you but does no damage.
The golden dragon skeleton closely misses you.
You slash the golden dragon skeleton! You hit the golden dragon skeleton.
You slash the golden dragon skeleton! The golden dragon skeleton bites you!
* * * LOW HITPOINT WARNING * * *
The golden dragon skeleton claws you but does no damage.
The golden dragon skeleton tramples you.
You die...

#. . .# .
.. ...
###..## #
.. #.#...
.#. # # ..
.. . .. . .
. .
#.##...# .
.
##Z.....#..
. #@#... .
.# #. #G##
.# #. ##.
..## . ..
... .# #
..#
.#....#.# #
.. ..#. #
#. .#
..#.#. . .
# ...###.#
......# .#
#. D ..#...


You could see a giant orange brain and a golden dragon skeleton.

Vanquished Creatures
  A bone dragon (Abyss:1)
  Fannar (Lair:2)
  The ghost of Chpoker the Brawler, a novice TrBe of Trog (D:10)
  An unseen horror (D:11)
  A hill giant (D:11)
  Pikel (D:8)
  A wizard (D:11)
  A deep elf mage (D:11)
  2 ugly things (D:11)
  2 cyclopes (D:12)
  3 black mambas
  A centaur zombie (D:12)
  2 spiny frogs (Lair:2)
  A rime drake (Lair:2)
  2 centaur skeletons (D:11)
  A komodo dragon (Lair:1)
  Grinder (D:6)
  15 blink frogs
  Sigmund (D:2)
  A vampire (D:11)
  9 spriggans
  18 yaks
  8 hippogriffs
  3 vampire mosquitoes (D:12)
  3 hungry ghosts
  A basilisk (Lair:2)
  Edmund (D:5)
  A soldier ant (D:12)
  Duvessa (D:5)
  6 water moccasins
  7 porcupines
  4 sky beasts
  5 orc warriors
  2 ice beasts
  5 phantoms
  4 ogres
  4 crocodiles
  A centaur (D:9)
  4 big kobolds
  8 giant frogs
  2 scorpions
  Dowan (D:5)
  7 killer bees
  7 howler monkeys
  9 wights
  The ghost of cba the Sneak, a weakling OpAs (D:3)
  5 crimson imps
  A quasit (Abyss:1)
  5 giant frog zombies
  9 hounds
  2 gnoll shamans
  A jelly (D:9)
  Crazy Yiuf (D:3)
  6 orc priests
  11 orc wizards
  3 giant frog skeletons
  7 iguanas
  6 worker ants
  Natasha (thrice) (D:2)
  8 ogre zombies (D:11)
  Robin (D:4)
  3 worker ant zombies
  7 gnolls
  9 river rats
  15 adders
  3 shadow imps
  An ooze (D:2)
  2 adder skeletons
  2 worms
  3 dart slugs
  5 giant geckos
  38 orcs
  2 giant cockroaches
  10 hobgoblins
  2 jackals (D:1)
  5 quokkas
  7 bats
  A giant gecko skeleton (D:3)
  A giant gecko zombie (D:3)
  14 giant newts
  18 goblins
  2 goblin skeletons (D:11)
  4 goblin zombies (D:11)
  A hobgoblin skeleton (D:11)
  2 hobgoblin zombies (D:11)
  A jackal skeleton (D:7)
  20 kobolds
  An orc skeleton (D:11)
  15 orc zombies (D:11)
  8 rats
  A fungus (D:1)
434 creatures vanquished.

Vanquished Creatures (others)
  A hound (D:8)
  2 orcs (D:8)
  4 fungi
  A plant (D:8)
8 creatures vanquished.

Grand Total: 442 creatures vanquished

Notes
Turn   | Place    | Note
--------------------------------------------------------------
     0 | D:1      | Kloppie the Hill Orc Berserker began the quest for the Orb.
     0 | D:1      | Reached XP level 1. HP: 19/19 MP: 1/1
   441 | D:1      | Reached XP level 2. HP: 27/27 MP: 2/2
   987 | D:2      | Noticed Sigmund
   992 | D:2      | Reached skill level 4 in Long Blades
   992 | D:2      | Reached XP level 3. HP: 33/33 MP: 3/3
   997 | D:2      | Killed Sigmund
   997 | D:2      | Reached ** piety under Trog
   997 | D:2      | Reached skill level 5 in Fighting
   997 | D:2      | Reached skill level 5 in Long Blades
   997 | D:2      | Reached XP level 4. HP: 35/44 MP: 4/4
   997 | D:2      | Reached XP level 5. HP: 40/50 MP: 5/5
  1417 | D:2      | Noticed Natasha
  1423 | D:2      | Killed Natasha
  1423 | D:2      | Reached XP level 6. HP: 41/57 MP: 6/6
  1444 | D:2      | Noticed Natasha
  1450 | D:2      | Killed Natasha
  1540 | D:2      | Noticed Natasha
  1553 | D:2      | Killed Natasha
  1938 | D:3      | Noticed cba's ghost (weakling OpAs)
  1951 | D:3      | Killed cba's ghost
  1951 | D:3      | Reached skill level 6 in Long Blades
  2069 | D:3      | Found a sacrificial altar of Ru.
  2462 | D:3      | Noticed Crazy Yiuf
  2467 | D:3      | Killed Crazy Yiuf
  2692 | D:3      | Reached *** piety under Trog
  2914 | D:4      | Reached XP level 7. HP: 64/64 MP: 7/7
  3372 | D:4      | Found Anwopna's Magic Scroll Shoppe.
  3397 | D:4      | Noticed Robin
  3415 | D:4      | Killed Robin
  3433 | D:4      | Got a faintly glowing helmet
  3451 | D:4      | Identified the +2 helmet "Vijuac" {*Drain rPois Str+4 Dex+4} (You took it off Robin on level 4 of the Dungeon)
  3594 | D:5      | Entered Level 5 of the Dungeon
  3602 | D:5      | Got a pair of smoking boots
  3620 | D:5      | Identified the cursed +0 pair of boots "Fuuga" {+Fly MP-9 Int+9} (You found it on level 5 of the Dungeon)
  3748 | D:5      | Reached skill level 7 in Long Blades
  3878 | D:5      | Reached skill level 5 in Armour
  3882 | D:5      | Noticed Dowan
  3883 | D:5      | Noticed Duvessa
  3918 | D:5      | Killed Duvessa
  3918 | D:5      | Reached XP level 8. HP: 27/71 MP: 0/8
  3919 | D:5      | Killed Dowan
  4241 | D:5      | Found a blossoming altar of Fedhas.
  4244 | D:5      | Found a stormy altar of Qazlal.
  4335 | D:5      | Noticed Edmund
  4359 | D:5      | Killed Edmund
  4359 | D:5      | Reached skill level 8 in Long Blades
  4371 | D:5      | Noticed Prince Ribbit
  4418 | D:5      | Reached **** piety under Trog
  4754 | D:6      | Found a basalt altar of Yredelemnul.
  5070 | D:6      | Reached skill level 9 in Long Blades
  5211 | D:6      | Noticed Grinder
  5230 | D:6      | Paralysed by Grinder for 3 turns
  5237 | D:6      | Killed Grinder
  5237 | D:6      | Reached XP level 9. HP: 65/78 MP: 0/9
  5844 | D:7      | Reached skill level 10 in Long Blades
  5935 | D:7      | Found a white marble altar of Elyvilon.
  5947 | D:7      | Found a sacrificial altar of Ru.
  6141 | D:7      | Found Edesitz's Antique Armour Boutique.
  6146 | D:7      | Bought a pair of distressingly furry gloves for 180 gold pieces
  6151 | D:7      | Identified the +0 pair of gloves of the Centipede {rElec rPois Dex-2 Stlth-} (You bought it in a shop on level 7 of the Dungeon)
  6151 | D:7      | Bought a runed buckler for 85 gold pieces
  6370 | D:8      | Reached skill level 1 in Shields
  6472 | D:9      | Reached skill level 11 in Long Blades
  6477 | D:9      | Reached XP level 10. HP: 48/88 MP: 10/10
  6709 | D:9      | Reached skill level 5 in Shields
  7161 | D:8      | Found a staircase to the Lair.
  7506 | D:8      | Noticed Pikel
  7540 | D:8      | Killed Pikel
  7540 | D:8      | Received a gift from Trog
  7540 | D:8      | Reached skill level 12 in Long Blades
  7586 | D:8      | Reached ***** piety under Trog
  9231 | D:9      | Reached XP level 11. HP: 99/99 MP: 11/11
  9263 | D:10     | Entered Level 10 of the Dungeon
  9362 | D:10     | Reached skill level 10 in Fighting
  9628 | D:10     | Noticed Chpoker's ghost (novice TrBe)
  9645 | D:10     | Killed Chpoker's ghost
  9645 | D:10     | Reached skill level 13 in Long Blades
 10438 | D:11     | You fall through a shaft!
 10567 | D:12     | Noticed a cyclops
 10601 | D:12     | Noticed a cyclops
 10614 | D:12     | Killed a cyclops
 10619 | D:12     | Killed a cyclops
 10888 | D:11     | Received a gift from Trog
 10959 | D:11     | Reached skill level 14 in Long Blades
 10974 | D:11     | Noticed a green ugly thing
 10985 | D:11     | Killed a green ugly thing
 10985 | D:11     | Reached skill level 10 in Armour
 11016 | D:11     | Found a staircase to the Orcish Mines.
 11048 | D:11     | Killed an unseen horror
 11177 | D:11     | Reached XP level 12. HP: 104/106 MP: 12/12
 11629 | D:11     | Identified Jempuog's Grimoire of Sand
 11670 | D:11     | Identified Sif Muna's Tome of Axaxaxas mlö
 11677 | D:11     | Identified the Almanac of Dhcmrlchtdj
 12042 | D:7      | Bought a heavily runed buckler for 180 gold pieces
 12052 | D:7      | Identified the +3 buckler of the Ward {+Blink rC+++ rN+ Str-3} (You bought it in a shop on level 7 of the Dungeon)
 12090 | Lair:1   | Entered Level 1 of the Lair of Beasts
 12170 | Lair:1   | Reached skill level 1 in Evocations
 12375 | Lair:1   | Reached skill level 5 in Evocations
 12920 | Lair:2   | Reached ****** piety under Trog
 13008 | Lair:2   | Noticed Fannar
 13029 | Lair:2   | Killed Fannar
 13198 | Lair:2   | Reached XP level 13. HP: 80/113 MP: 17/19
 13205 | Lair:2   | Received a gift from Trog
 13314 | Lair:2   | Reached skill level 15 in Long Blades
 13600 | Lair:2   | Noticed Sonja
 13607 | Lair:2   | Cast into level 1 of the Abyss (Sonja)
 13633 | Abyss:1  | Noticed a bone dragon
 13662 | Abyss:1  | HP: 4/171 [bone dragon (8)]
 13666 | Abyss:1  | Killed a bone dragon
 13670 | Abyss:1  | HP: 2/174 [golden dragon skeleton (7)]
 13670 | Abyss:1  | Slain by a golden dragon skeleton

Skill      XL: |  1  2  3  4  5  6  7  8  9 10 11 12 13 |
---------------+----------------------------------------+-----
Fighting       | 4 5 6 8 9 10 11 | 11.1
Long Blades    | 4 5 6 7 9 11 12 14 15 | 15.4
Armour         | 3 5 7 10 11 | 11.6
Shields        | 4 5 |  5.9
Evocations     | 8 |  8.3
Dodging        | |  1.5

Action                   |  1- 3 |  4- 6 |  7- 9 | 10-12 | 13-15 || total
-------------------------+-------+-------+-------+-------+-------++-------
Melee: Falchion          |    69 |   182 |   506 |   189 |       ||   946
       Long sword        |       |       |       |   688 |       ||   688
       Scimitar          |       |       |       |   188 |    94 ||   282
Invok: Berserk           |     3 |     3 |     4 |     4 |     1 ||    15
       Trog's Hand       |       |       |     4 |     2 |     2 ||     8
 Abil: Stop Flying       |       |       |     1 |       |       ||     1
  Use: Scroll            |       |       |    18 |    16 |     1 ||    35
       Potion            |       |       |     2 |       |     2 ||     4
 Stab: Invisible         |       |     1 |       |       |       ||     1
  Eat: Chunk             |     2 |    11 |    13 |    32 |     2 ||    60
       Meat ration       |       |       |     1 |       |       ||     1
       Beef jerky        |       |       |     1 |       |       ||     1
Armor: Animal skin       |     6 |       |       |       |       ||     6
       Leather armour    |     7 |     4 |       |       |       ||    11
       Ring mail         |       |    31 |       |       |       ||    31
       Scale mail        |       |    32 |   111 |       |       ||   143
       Chain mail        |       |       |    52 |       |       ||    52
       Plate armour      |       |       |    57 |   530 |    42 ||   629
Dodge: Dodged            |    37 |    89 |   175 |   253 |    41 ||   595
Block: Buckler           |       |       |    24 |   302 |    45 ||   371
